Map: Central Protocol

Players

Soundwave

  • Race: Zerg Zerg

A.I. 1 (Very Hard) - Winner!

  • Race: Terran Terran

VOD

Have the link to the VOD?

Description

Time

  • Played on: Nov. 17, 2015, 2:01 a.m.
  • Length: 9:16
Show
View Real Time Build Order
Export as new Build Order

Soundwave Zerg 

Build Orders: Hatch First 

Get SALT Encoding   

  12  0:05  Drone  
  13  0:08  Drone  
  14  0:20  Extractor  
  14  0:21  Drone  
  15  0:42  Hatchery  
  14  0:51  Drone, Extractor  
  15  1:03  Spawning Pool  
  14  1:09  Drone, Extractor  
  14  1:10  Extractor  
  13  1:12  Drone  
  13  1:18  Overlord  
  16  1:51  Queen  
  16  1:54  Queen  
  18  2:01  Zergling x2  
  21  2:10  Drone  
  21  2:11  Drone x3  
  25  2:16  Extractor  
  25  2:17  Drone x2  
  26  2:23  Drone  
  27  2:45  Overlord x2  
  27  3:03  Queen x2  
  30  3:34  Overlord x2  
  30  3:40  Hatchery  
  29  3:56  Drone x3  
  29  3:57  Drone x6, Extractor  
  37  4:30  Drone  
  37  4:31  Drone  
  39  4:35  Metabolic Boost  
  39  4:42  Evolution Chamber  
  39  4:44  Evolution Chamber  
  37  4:46  Lair  
  37  4:48  Roach Warren, Zergling x10  
  37  4:49  Zergling x4  
  43  5:12  Queen  
  45  5:17  Zerg Melee Weapons Level 1  
  45  5:18  Zerg Ground Armor Level 1  
  45  5:24  Drone x5  
  45  5:25  Drone x5  
  45  5:28  Extractor  
  54  5:29  Extractor  
  54  5:32  Drone  
  54  5:51  Drone x3  
  57  6:17  Glial Reconstitution  
  57  6:20  Overlord x5  
  57  6:26  Overseer  
  57  6:49  Drone x4  
  57  6:50  Drone  
  62  6:57  Hydralisk Den  
  61  7:02  Drone x4  
  61  7:03  Infestation Pit  
  64  7:33  Hydralisk  
  64  7:34  Hydralisk x7  
  64  7:35  Hydralisk x5  
  90  7:39  Hive  
  90  7:45  Spore Crawler  
  90  7:46  Hatchery  
  88  7:54  Zergling x8  
  92  8:35  Hydralisk x3  
  92  8:38  Overlord x6  
  92  8:39  Overlord x4  
  98  8:41  Overseer  
  95  8:49  Hydralisk  
  85  8:57  Zergling x4  
  85  8:58  Zergling x14  
Show
View Real Time Build Order
Export as new Build Order

A.I. 1 (Very Hard) Terran - Winner!

Build Orders: MMM Bio 

Get SALT Encoding   

  12  0:00  SCV  
  13  0:13  SCV  
  14  0:18  Supply Depot  
  14  0:25  SCV  
  15  0:40  SCV  
  16  0:43  Barracks  
  16  0:52  SCV  
  17  1:04  SCV  
  18  1:16  SCV  
  19  1:19  Command Center  
  19  1:30  Marine  
  20  1:34  Orbital Command  
  20  1:46  Supply Depot  
  20  1:47  Marine  
  20  1:50  Refinery  
  21  1:59  SCV  
  22  2:05  Marine  
  23  2:11  SCV, Barracks  
  24  2:16  Refinery  
  24  2:23  SCV, Marine  
  26  2:30  Supply Depot  
  26  2:35  SCV  
  27  2:44  Orbital Command  
  27  2:48  Marine  
  29  2:51  SCV  
  29  3:02  Factory  
  29  3:03  SCV  
  30  3:05  Marine  
  30  3:09  Marine  
  30  3:12  SCV  
  33  3:15  SCV  
  34  3:23  Marine  
  34  3:24  SCV  
  34  3:26  Marine  
  37  3:27  SCV  
  37  3:32  Barracks  
  38  3:37  SCV  
  38  3:39  SCV  
  40  3:42  Barracks Tech Lab  
  40  3:48  Factory Tech Lab, Barracks Tech Lab, Starport  
  40  3:50  SCV  
  40  3:52  SCV  
  42  4:00  Marine  
  42  4:02  SCV, Stimpack  
  44  4:04  SCV  
  44  4:06  Combat Shields, Marine  
  46  4:11  Supply Depot  
  46  4:17  SCV x2  
  47  4:18  Marine  
  47  4:21  Marine  
  50  4:24  Marine  
  50  4:29  SCV x2  
  53  4:32  Supply Depot, Medivac  
  55  4:41  SCV x2  
  55  4:43  Marine  
  55  4:44  Supply Depot  
  55  4:45  Siege Tank, Marine  
  62  4:53  SCV x2, Marine  
  62  4:55  Supply Depot  
  65  5:00  Engineering Bay  
  65  5:03  Marauder  
  65  5:04  Engineering Bay  
  65  5:06  SCV  
  68  5:08  SCV  
  68  5:10  Barracks Reactor  
  68  5:11  Marauder  
  71  5:17  Refinery  
  71  5:18  SCV  
  71  5:19  Refinery  
  71  5:20  SCV  
  73  5:24  Marauder  
  75  5:29  Supply Depot  
  75  5:31  SCV  
  75  5:33  Marauder  
  78  5:39  SCV, Medivac  
  81  5:43  SCV, Missile Turret  
  81  5:45  Marauder  
  84  5:50  Missile Turret  
  84  5:51  SCV  
  84  5:53  Terran Infantry Weapons Level 1, Supply Depot  
  84  5:54  Marauder  
  84  5:55  SCV  
  88  6:06  Terran Infantry Armor Level 1, Barracks, Marine x2  
  88  6:07  Marauder  
  92  6:13  Starport Reactor  
  92  6:16  Marauder  
  94  6:19  Supply Depot, Concussive Shells  
  94  6:23  Marine  
  94  6:25  Command Center  
  95  6:26  Marine  
  95  6:28  Marauder  
  95  6:30  Hellion  
  100  6:37  Marauder  
  101  6:45  Supply Depot  
  101  6:46  Marine  
  102  6:47  Marine  
  102  6:49  Marauder, Medivac  
  102  6:51  Hellion  
  109  7:07  Marauder, Medivac, Marine  
  114  7:09  Supply Depot  
  114  7:12  Hellion  
  116  7:16  Missile Turret  
  116  7:19  Viking  
  118  7:34  Supply Depot, Hellion  
  120  7:37  SCV, Viking, Missile Turret  
  120  7:38  SCV  
  124  7:45  SCV  
  124  7:50  SCV x2  
  127  7:57  SCV, Refinery  
  128  8:00  Fusion Core  
  128  8:02  SCV  
  128  8:03  SCV  
  128  8:04  Missile Turret  
  130  8:06  Supply Depot  
  130  8:09  SCV  
  130  8:11  Missile Turret  
  131  8:14  SCV  
  131  8:16  SCV  
  131  8:18  Siege Tank  
  135  8:21  SCV  
  135  8:26  SCV  
  137  8:28  SCV  
  137  8:30  Supply Depot  
  137  8:33  SCV  
  139  8:35  Armory  
  139  8:38  SCV  
  139  8:40  SCV  
  141  8:45  SCV  
  143  8:56  Supply Depot  
  143  8:57  Marine x3  
  143  8:58  Refinery, Marine  
  143  9:00  Armory  
  141  9:14  Missile Turret  
Tags
 
Composition
MMM Bio
Matchup
TvZ
Replay Pack
First Pack
Add a new tag
Caveats
  • Supply blocks, unpowered buildings, or Contaminate may cause inaccurate times.
  • Supply counts are checked every 10 seconds.